Workbook
Name Factures: Factures!$A:$N
Name JoursFeries: JourFériés!$A:$A
Name NumDept: Transport!$C:$C
Name Transporteur: Transport!$A:$A
Name TVA: Ventes!$B$1

Sheet Ventes
A1: TVA | B1: 0.199
A5: N° Facture | B5: Date | C5: Produit | D5: Description | E5: Prix Unit | F5: Quantité | G5: Prix HT | H5: Prix TTC
A6: FA-2008-0001 | B6: =VLOOKUP(A6,Factures,2,FALSE) -> 45475 | C6: P9287 | D6: Table | E6: 160 | F6: 1 | G6: =E6*F6 -> 160 | H6: =G6*(1+TVA) -> 191.84
A7: FA-2008-0002 | B7: =VLOOKUP(A7,Factures,2,FALSE) -> 45481 | C7: P6953 | D7: Ensemble jardin | E7: 280 | F7: 1 | G7: =E7*F7 -> 280 | H7: =G7*(1+TVA) -> 335.72
A8: FA-2008-0002 | B8: =VLOOKUP(A8,Factures,2,FALSE) -> 45481 | C8: P3026 | D8: Porte tablette | E8: 22 | F8: 3 | G8: =E8*F8 -> 66 | H8: =G8*(1+TVA) -> 79.134
A9: FA-2008-0003 | B9: =VLOOKUP(A9,Factures,2,FALSE) -> 45464 | C9: P5875 | D9: Table | E9: 88 | F9: 2 | G9: =E9*F9 -> 176 | H9: =G9*(1+TVA) -> 211.024
A10: FA-2008-0004 | B10: =VLOOKUP(A10,Factures,2,FALSE) -> 45526 | C10: P1176 | D10: Dessous verre | E10: 12 | F10: 2 | G10: =E10*F10 -> 24 | H10: =G10*(1+TVA) -> 28.776
A11: FA-2008-0004 | B11: =VLOOKUP(A11,Factures,2,FALSE) -> 45526 | C11: P7910 | D11: Ensemble table | E11: 300 | F11: 1 | G11: =E11*F11 -> 300 | H11: =G11*(1+TVA) -> 359.7
A12: FA-2008-0004 | B12: =VLOOKUP(A12,Factures,2,FALSE) -> 45526 | C12: P3081 | D12: Vase | E12: 35 | F12: 1 | G12: =E12*F12 -> 35 | H12: =G12*(1+TVA) -> 41.965
A13: FA-2008-0004 | B13: =VLOOKUP(A13,Factures,2,FALSE) -> 45526 | C13: P5875 | D13: Table basse | E13: 88 | F13: 2 | G13: =E13*F13 -> 176 | H13: =G13*(1+TVA) -> 211.024
A14: FA-2008-0005 | B14: =VLOOKUP(A14,Factures,2,FALSE) -> 45465 | C14: P3026 | D14: Porte tablette | E14: 23 | F14: 10 | G14: =E14*F14 -> 230 | H14: =G14*(1+TVA) -> 275.77
A15: FA-2008-0006 | B15: =VLOOKUP(A15,Factures,2,FALSE) -> 45515 | C15: P5665 | D15: Tabouret | E15: 54.5 | F15: 6 | G15: =E15*F15 -> 327 | H15: =G15*(1+TVA) -> 392.073
A16: FA-2008-0007 | B16: =VLOOKUP(A16,Factures,2,FALSE) -> 45498 | C16: P3026 | D16: Porte tablette | E16: 23 | F16: 4 | G16: =E16*F16 -> 92 | H16: =G16*(1+TVA) -> 110.308
A17: FA-2008-0007 | B17: =VLOOKUP(A17,Factures,2,FALSE) -> 45498 | C17: P5026 | D17: Chaise haute | E17: 74 | F17: 4 | G17: =E17*F17 -> 296 | H17: =G17*(1+TVA) -> 354.904
... A31: FA-2008-0012 | B31: =VLOOKUP(A31,Factures,2,FALSE) -> 45536 | C31: P3026 | D31: Porte tablette | E31: 25 | F31: 2 | G31: =E31*F31 -> 50 | H31: =G31*(1+TVA) -> 59.95

Sheet Factures
A1: N° Facture | B1: Date | C1: Date Livraison | D1: Client | E1: Nom | F1: Code postal | G1: ville | H1: adresse | I1: téléphone | J1: Prix TTC | K1: Surcoût | L1: Prix Total | M1: Department | N1: Transp | V1: alternative avec format # ###,00 €;[Rouge]# ###,00 €;
A2: FA-2008-0001 | B2: 45475 | C2: =WORKDAY(B2,15,JoursFeries) -> 45496 | D2: Cyril NAUDEAU | E2: =RIGHT(D2,LEN(D2)-SEARCH(" ",D2)) -> NAUDEAU | F2: 89300 | G2: St Aubin sur Yonne | H2: 22 rondpoint de la Défense | I2: 07 55 74 60 43 | M2: =VALUE(LEFT(F2,2)) -> 89 | N2: =_xlfn.XLOOKUP(M2,NumDept,Transporteur,"A DEFINIR",0) -> Toto Transport | V2: =IF(OR(COUNTIF(Ventes!A:A,Factures!A2) >= 4,SUMIF(Ventes!A:A,Factures!A2,Ventes!F:F) >=10), J2*0.05,0) -> 0 | W2: =V2+J2 -> 0
A3: FA-2008-0002 | B3: 45481 | C3: =WORKDAY(B3,15,JoursFeries) -> 45502 | D3: Francesca MARITTO | E3: =RIGHT(D3,LEN(D3)-SEARCH(" ",D3)) -> MARITTO | F3: 53400 | G3: St Quentin les Anges | H3: 49 boulevard de la Paix | I3: 03 81 82 85 17 | M3: =VALUE(LEFT(F3,2)) -> 53 | N3: =_xlfn.XLOOKUP(M3,NumDept,Transporteur,"A DEFINIR",0) -> Colissimo | V3: =IF(OR(COUNTIF(Ventes!A:A,Factures!A3) >= 4,SUMIF(Ventes!A:A,Factures!A3,Ventes!F:F) >=10), J3*0.05,0) -> 0 | W3: =V3+J3 -> 0
A4: FA-2008-0003 | B4: 45464 | C4: =WORKDAY(B4,15,JoursFeries) -> 45485 | D4: Françoise BASCHET | E4: =RIGHT(D4,LEN(D4)-SEARCH(" ",D4)) -> BASCHET | F4: 92500 | G4: Rueil Malmaison | H4: 57 rue Pasteur | I4: 06 47 68 49 69 | M4: =VALUE(LEFT(F4,2)) -> 92 | N4: =_xlfn.XLOOKUP(M4,NumDept,Transporteur,"A DEFINIR",0) -> Toto Transport | V4: =IF(OR(COUNTIF(Ventes!A:A,Factures!A4) >= 4,SUMIF(Ventes!A:A,Factures!A4,Ventes!F:F) >=10), J4*0.05,0) -> 0 | W4: =V4+J4 -> 0
A5: FA-2008-0004 | B5: 45526 | C5: =WORKDAY(B5,15,JoursFeries) -> 45547 | D5: Franck GRASSET | E5: =RIGHT(D5,LEN(D5)-SEARCH(" ",D5)) -> GRASSET | F5: 23400 | G5: Auriat | H5: 10 rue Gambetta | I5: 09 78 47 37 74 | M5: =VALUE(LEFT(F5,2)) -> 23 | N5: =_xlfn.XLOOKUP(M5,NumDept,Transporteur,"A DEFINIR",0) -> Colissimo | V5: =IF(OR(COUNTIF(Ventes!A:A,Factures!A5) >= 4,SUMIF(Ventes!A:A,Factures!A5,Ventes!F:F) >=10), J5*0.05,0) -> 0 | W5: =V5+J5 -> 0
A6: FA-2008-0005 | B6: 45465 | C6: =WORKDAY(B6,15,JoursFeries) -> 45485 | D6: Sophia MINELLI | E6: =RIGHT(D6,LEN(D6)-SEARCH(" ",D6)) -> MINELLI | F6: 59700 | G6: Marq-en-Bareouil | H6: 9 rue de Venise | I6: 06 50 71 34 67 | M6: =VALUE(LEFT(F6,2)) -> 59 | N6: =_xlfn.XLOOKUP(M6,NumDept,Transporteur,"A DEFINIR",0) -> Toto Transport | V6: =IF(OR(COUNTIF(Ventes!A:A,Factures!A6) >= 4,SUMIF(Ventes!A:A,Factures!A6,Ventes!F:F) >=10), J6*0.05,0) -> 0 | W6: =V6+J6 -> 0
A7: FA-2008-0006 | B7: 45515 | C7: =WORKDAY(B7,15,JoursFeries) -> 45537 | D7: Marc GALOTTI | E7: =RIGHT(D7,LEN(D7)-SEARCH(" ",D7)) -> GALOTTI | F7: 64410 | G7: Arget | H7: 15 rue de Taissy | I7: 04 96 53 56 47 | M7: =VALUE(LEFT(F7,2)) -> 64 | N7: =_xlfn.XLOOKUP(M7,NumDept,Transporteur,"A DEFINIR",0) -> Colissimo | V7: =IF(OR(COUNTIF(Ventes!A:A,Factures!A7) >= 4,SUMIF(Ventes!A:A,Factures!A7,Ventes!F:F) >=10), J7*0.05,0) -> 0 | W7: =V7+J7 -> 0
A8: FA-2008-0007 | B8: 45498 | C8: =WORKDAY(B8,15,JoursFeries) -> 45520 | D8: Rachel DANO | E8: =RIGHT(D8,LEN(D8)-SEARCH(" ",D8)) -> DANO | F8: 55400 | G8: Braquis | H8: 40 avenue de Paris | I8: 01 42 71 31 24 | M8: =VALUE(LEFT(F8,2)) -> 55 | N8: =_xlfn.XLOOKUP(M8,NumDept,Transporteur,"A DEFINIR",0) -> Camion propre | V8: =IF(OR(COUNTIF(Ventes!A:A,Factures!A8) >= 4,SUMIF(Ventes!A:A,Factures!A8,Ventes!F:F) >=10), J8*0.05,0) -> 0 | W8: =V8+J8 -> 0
A9: FA-2008-0008 | B9: 45515 | C9: =WORKDAY(B9,15,JoursFeries) -> 45537 | D9: Raymond GLORI | E9: =RIGHT(D9,LEN(D9)-SEARCH(" ",D9)) -> GLORI | F9: 52400 | G9: Aigremont | H9: 5 impasse des Belges | I9: 04 71 55 40 56 | M9: =VALUE(LEFT(F9,2)) -> 52 | N9: =_xlfn.XLOOKUP(M9,NumDept,Transporteur,"A DEFINIR",0) -> Camion propre | V9: =IF(OR(COUNTIF(Ventes!A:A,Factures!A9) >= 4,SUMIF(Ventes!A:A,Factures!A9,Ventes!F:F) >=10), J9*0.05,0) -> 0 | W9: =V9+J9 -> 0
A10: FA-2008-0009 | B10: 45527 | C10: =WORKDAY(B10,15,JoursFeries) -> 45548 | D10: François BASCHET | E10: =RIGHT(D10,LEN(D10)-SEARCH(" ",D10)) -> BASCHET | F10: 04210 | G10: Brunet | H10: 12 rue de Tinqueux | I10: 06 39 29 45 40 | M10: =VALUE(LEFT(F10,2)) -> 4 | N10: =_xlfn.XLOOKUP(M10,NumDept,Transporteur,"A DEFINIR",0) -> Colissimo | V10: =IF(OR(COUNTIF(Ventes!A:A,Factures!A10) >= 4,SUMIF(Ventes!A:A,Factures!A10,Ventes!F:F) >=10), J10*0.05,0) -> 0 | W10: =V10+J10 -> 0
A11: FA-2008-0010 | B11: 45495 | C11: =WORKDAY(B11,15,JoursFeries) -> 45516 | D11: Sandra CEREJA | E11: =RIGHT(D11,LEN(D11)-SEARCH(" ",D11)) -> CEREJA | F11: 99 999 | G11: Santa Maria, BR | H11: Tv Domingos Trevisan | I11: 00 55 4 68 79 80 10 | M11: =VALUE(LEFT(F11,2)) -> 99 | N11: =_xlfn.XLOOKUP(M11,NumDept,Transporteur,"A DEFINIR",0) -> A DEFINIR | V11: =IF(OR(COUNTIF(Ventes!A:A,Factures!A11) >= 4,SUMIF(Ventes!A:A,Factures!A11,Ventes!F:F) >=10), J11*0.05,0) -> 0 | W11: =V11+J11 -> 0
A12: FA-2008-0011 | B12: 45536 | C12: =WORKDAY(B12,15,JoursFeries) -> 45555 | D12: Sophia MINELLI | E12: =RIGHT(D12,LEN(D12)-SEARCH(" ",D12)) -> MINELLI | F12: 59700 | G12: Marq-en-Bareouil | H12: 9 rue de Venise | I12: 09 40 38 62 48 | M12: =VALUE(LEFT(F12,2)) -> 59 | N12: =_xlfn.XLOOKUP(M12,NumDept,Transporteur,"A DEFINIR",0) -> Toto Transport | V12: =IF(OR(COUNTIF(Ventes!A:A,Factures!A12) >= 4,SUMIF(Ventes!A:A,Factures!A12,Ventes!F:F) >=10), J12*0.05,0) -> 0 | W12: =V12+J12 -> 0
A13: FA-2008-0012 | B13: 45536 | C13: =WORKDAY(B13,15,JoursFeries) -> 45555 | D13: Remy DE LAON | E13: =RIGHT(D13,LEN(D13)-SEARCH(" ",D13)) -> DE LAON | F13: 51100 | G13: Reims | H13: 2 rue Simon | I13: 06 66 44 77 11 | M13: =VALUE(LEFT(F13,2)) -> 51 | N13: =_xlfn.XLOOKUP(M13,NumDept,Transporteur,"A DEFINIR",0) -> Camion propre | V13: =IF(OR(COUNTIF(Ventes!A:A,Factures!A13) >= 4,SUMIF(Ventes!A:A,Factures!A13,Ventes!F:F) >=10), J13*0.05,0) -> 0 | W13: =V13+J13 -> 0
A14: FA-2008-0013 | B14: 45537 | C14: =WORKDAY(B14,15,JoursFeries) -> 45558 | D14: Cornelius TOVALSKI | E14: =RIGHT(D14,LEN(D14)-SEARCH(" ",D14)) -> TOVALSKI | F14: 33025 | G14: Bordeaux | H14: 32 rue de rivière | I14: 07 82 92 21 13 | M14: =VALUE(LEFT(F14,2)) -> 33 | N14: =_xlfn.XLOOKUP(M14,NumDept,Transporteur,"A DEFINIR",0) -> Colissimo | V14: =IF(OR(COUNTIF(Ventes!A:A,Factures!A14) >= 4,SUMIF(Ventes!A:A,Factures!A14,Ventes!F:F) >=10), J14*0.05,0) -> 0 | W14: =V14+J14 -> 0

Sheet Transport
A1: Transporteur | B1: Département | C1: Numéro
A2: Camion propre | B2: Aisne | C2: 2
A3: Camion propre | B3: Ardennes | C3: 8
A4: Camion propre | B4: Aube | C4: 10
A5: Camion propre | B5: Marne | C5: 51
A6: Camion propre | B6: Haute-Marne | C6: 52
A7: Camion propre | B7: Meurthe-et-Moselle | C7: 54
A8: Camion propre | B8: Meuse | C8: 55
A9: Camion propre | B9: Moselle | C9: 57
A10: Camion propre | B10: Pas-de-Calais | C10: 62
A11: Colissimo | B11: Allier | C11: 3
A12: Colissimo | B12: Alpes-de-Haute-Provence | C12: 4
A13: Colissimo | B13: Hautes-Alpes | C13: 5
... A74: DHL | B74: Mayotte | C74: 976
A75: DHL | B75: Corse-du-Sud | C75: 2A
A76: DHL | B76: Haute-Corse | C76: 2B
A77: Rick Transport | B77: Ain | C77: 1
A78: Rick Transport | B78: Côte-d'Or | C78: 21
A79: Rick Transport | B79: Côtes-d'Armor | C79: 22
A80: Rick Transport | B80: Jura | C80: 39
A81: Rick Transport | B81: Rhône | C81: 69
A82: Rick Transport | B82: Haute-Saône | C82: 70
A83: Rick Transport | B83: Saône-et-Loire | C83: 71
A84: Rick Transport | B84: Savoie | C84: 73
A85: Rick Transport | B85: Haute-Savoie | C85: 74
A86: Rick Transport | B86: Vienne | C86: 86
A87: Rick Transport | B87: Haute-Vienne | C87: 87
A88: Toto Transport | B88: Ardèche | C88: 7
... A102: Toto Transport | B102: Val-d'Oise | C102: 95

Sheet Feuil3
A1: Code produit | B1: Description | C1: Prix Unit | D1: Prix HT | E1: Prix TTC
A2: P1176 | B2: Ensemble dessous verre | C2: 12.16€ | D2: =_xlfn.NUMBERVALUE(C2,".") -> 12.16 | E2: =D2*(1+TVA) -> 14.57984 | G2: si on essaie de faire le calcul avec la colonne C, ça ne marche pas…
A3: P3026 | B3: Porte tablette | C3: 22.68€ | D3: =_xlfn.NUMBERVALUE(C3,".") -> 22.68 | E3: =D3*(1+TVA) -> 27.19332 | G3: il faut d'abord nettoyer les données
A4: P3081 | B4: Vase | C4: 34.28€ | D4: =_xlfn.NUMBERVALUE(C4,".") -> 34.28 | E4: =D4*(1+TVA) -> 41.10172 | G4: si les valeurs contiennent une devise différente de la vôtre ($ par ex),
A5: P3108 | B5: Table 4 place | C5: 95.51€ | D5: =_xlfn.NUMBERVALUE(C5,".") -> 95.51 | E5: =D5*(1+TVA) -> 114.51649 | G5: il faut d'abord remplacer le $ par rien
A6: P5026 | B6: Chaise haute | C6: 73.29€ | D6: =_xlfn.NUMBERVALUE(C6,".") -> 73.29 | E6: =D6*(1+TVA) -> 87.87471 | G6: $ 73.29 | H6: =_xlfn.NUMBERVALUE(G6,".") -> #VALUE! | I6: =_xlfn.NUMBERVALUE(SUBSTITUTE(G6,"$",""),".") -> 73.29
A7: P5665 | B7: Taboret | C7: 54.46€ | D7: =_xlfn.NUMBERVALUE(C7,".") -> 54.46 | E7: =D7*(1+TVA) -> 65.29754
A8: P5875 | B8: Table basse | C8: 87.39€ | D8: =_xlfn.NUMBERVALUE(C8,".") -> 87.39 | E8: =D8*(1+TVA) -> 104.78061
A9: P5943 | B9: Chaise jardin | C9: 88.76€ | D9: =_xlfn.NUMBERVALUE(C9,".") -> 88.76 | E9: =D9*(1+TVA) -> 106.42324
A10: P6953 | B10: Ensemble jardin | C10: 282.73€ | D10: =_xlfn.NUMBERVALUE(C10,".") -> 282.73 | E10: =D10*(1+TVA) -> 338.99327
A11: P7910 | B11: Ensemble table + banc | C11: 398.32€ | D11: =_xlfn.NUMBERVALUE(C11,".") -> 398.32 | E11: =D11*(1+TVA) -> 477.58568
A12: P8428 | B12: Table 4/6 places | C12: 172.80€ | D12: =_xlfn.NUMBERVALUE(C12,".") -> 172.8 | E12: =D12*(1+TVA) -> 207.1872
A13: P9167 | B13: Table haute / bar | C13: 370.57€ | D13: =_xlfn.NUMBERVALUE(C13,".") -> 370.57 | E13: =D13*(1+TVA) -> 444.31343
A14: P9287 | B14: Table 6 places | C14: 163.80€ | D14: =_xlfn.NUMBERVALUE(C14,".") -> 163.8 | E14: =D14*(1+TVA) -> 196.3962

Sheet JourFériés
B1: Noms Jours fériés | C1: Jours semaine | D1: Année | E1: 2024
A2: 45292 | B2: Jour de l'An
A3: 45383 | B3: Lundi de Pâques
A4: 45413 | B4: Fête du Travail
A5: 45420 | B5: Victoire 1945
A6: 45421 | B6: Ascension
A7: 45432 | B7: Pentecôte
A8: 45487 | B8: Fête nationale
A9: 45519 | B9: Assomption
A10: 45597 | B10: Toussaint
A11: 45607 | B11: Armistice 1918
A12: 45651 | B12: Noël
